 Dungeon Crawl Stone Soup version 0.30.1-4-g462c640d31 (webtiles) character file.

Game seed: 7810312078180534091

17429 Peloso the Carver (level 12, -4/108 HPs)
             Began as a Minotaur Fighter on Sept 10, 2023.
             Was a High Priest of Okawaru.
             Slain by a two-headed ogre
             ... wielding a +0 great mace of flaming
              (20 damage)
             ... in a volcano.
             The game lasted 00:22:58 (13885 turns).

Peloso the Carver (Minotaur Fighter)               Turns: 13885, Time: 00:23:05

Health: -4/108     AC: 18    Str: 24    XL:     12   Next: 18%
Magic:  12/12      EV:  9    Int:  5    God:    Okawaru [*****.]
Gold:   1567       SH:  7    Dex: 18    Spells: 11/11 levels left

rFire   + . .        b - +1 falchion (heavy)
rCold   + . .        d - +0 buckler
rNeg    . . .        o - +0 plate armour
rPois   .            (helmet restricted)
rElec   .            t - scarf {rC+ rF+}
rCorr   .            (no gloves)
SInv    +            g - +1 pair of boots
Will    .....        (no amulet) Stlth
                     D - ring of see invisible
HPRegen 0.38/turn    E - ring "Xiuwnor" {Fly Str+3 Dex+3}
MPRegen 0.13/turn

%: no passive effects
@: mighty, flying, hasted, very quick
A: horns 2, retaliatory headbutt
a: Renounce Religion, Heroism, Finesse, Duel


You were in a volcano.
You worshipped Okawaru.
Okawaru was extremely pleased with you.
You visited 3 branches of the dungeon, and saw 13 of its levels.
You also visited: Volcano.

You collected 1567 gold pieces.

Inventory:

Hand Weapons
 a - a +3 scimitar
 b - a +1 heavy falchion (weapon)
Missiles
 f - 4 throwing nets (quivered)
Armour
 c - a +0 pair of boots
 d - a +0 buckler (worn)
 g - a +1 pair of boots (worn)
 o - a +0 plate armour (worn)
 t - a scarf of resistance (worn)
Jewellery
 j - a ring of willpower
 s - a +6 ring of strength
 D - a ring of see invisible (left hand)
 E - the ring "Xiuwnor" (right hand) {Fly Str+3 Dex+3}
   (You found it on level 9 of the Dungeon)

   [ring of flight]

   Str:       It affects your strength (+3).
   Dex:       It affects your dexterity (+3).
   Fly:       It grants you flight.
 G - a ring of flight
 I - a +6 ring of dexterity
 J - the ring of Tublig {rElec rPois rC+ Int-4 Dex+4}
   (You found it on level 8 of the Dungeon)

   [ring of protection from cold]

   Int:       It affects your intelligence (-4).
   Dex:       It affects your dexterity (+4).
   rC:        It protects you from cold.
   rElec:     It insulates you from electricity.
   rPois:     It protects you from poison.
 K - a ring of magical power
Wands
 m - a wand of polymorph (9)
 w - a wand of iceblast (10)
 Q - a wand of mindburst (10)
Scrolls
 i - 2 scrolls of teleportation
 p - 2 scrolls of fear
 r - 2 scrolls of enchant weapon
 u - 4 scrolls of amnesia
 v - 2 scrolls of fog
 y - 2 scrolls of enchant armour
 C - a scroll of brand weapon
 L - a scroll of blinking {unknown}
 M - a scroll of noise {unknown}
 P - a scroll of poison {unknown}
 R - a scroll of immolation
 S - a scroll of silence {unknown}
Potions
 h - 3 potions of haste
 k - 2 potions of cancellation
 l - 6 potions of curing
 n - 2 potions of mutation
 q - a potion of brilliance
 x - a potion of lignification {unknown}
 z - 3 potions of flight {unknown}
 A - 3 potions of magic
 B - a potion of attraction {unknown}
 F - 4 potions of heal wounds {unknown}
 O - 2 potions of ambrosia {unknown}
Miscellaneous
 N - a phantom mirror


   Skills:
 + Level 10.7 Fighting
 + Level 14.9 Long Blades
 + Level 13.2 Armour
 + Level 4.0 Dodging
 + Level 1.2 Stealth
 + Level 8.9 Shields
 + Level 0.1 Unarmed Combat
 + Level 1.4 Invocations


You had 11 spell levels left.
You didn't know any spells.
Your spell library contained the following spells:

 Spells                   Type           Power      Damage    Failure   Level
 Freeze                   Ice            0%         1d3       99%         1
 Dazzling Flash           Conj/Hex       0%         N/A       100%        3
 Frozen Ramparts          Ice            0%         1d1       100%        3
 Hailstorm                Conj/Ice       0%         3d3       100%        3
 Petrify                  Tmut/Erth      0%         N/A       100%        4
 Agony                    Necr           0%         N/A       100%        5
 Metabolic Englaciation   Hex/Ice        0%         N/A       100%        5
 Silence                  Hex/Air        0%         N/A       100%        5
 Statue Form              Tmut/Erth      0%         N/A       100%        6


Dungeon Overview and Level Annotations

Branches:
Dungeon (11/15)            Temple (1/1) D:4            Lair (1/5) D:10
    Orc (0/2) D:11        Volcano (1/1)

Altars:
Ashenzari
Cheibriados
Dithmenos
Elyvilon
Fedhas
Gozag
Hepliaklqana
Kikubaaqudgha
Makhleb
Okawaru
Qazlal
Ru
Sif Muna
Uskayaw
Wu Jian
Xom
Zin
The Shining One

Annotations:
D:4 1 runed translucent door, jaiteiro's ghost, amateur DrCj
D:9 3 runed translucent doors, sonasty's ghost, novice DEFE


Innate Abilities, Weirdness & Mutations

You have a pair of horns on your head.
You reflexively headbutt those who attack you in melee.


Message History

The two-headed ogre burns you.
Things that are here:
a +0 giant club of flaming; a +0 giant club of flaming; a two-headed ogre corpse The two-headed ogre attacks as you move away!
The two-headed ogre barely misses you.
The two-headed ogre hits you with a +0 giant club of flaming.
The two-headed ogre burns you.
Unknown command.
Unknown command.
You feel yourself speed up.
You feel like a meek peon again.
The two-headed ogre hits you with a +0 giant club of flaming!!
The two-headed ogre burns you. You block the two-headed ogre's attack.
Unknown command.
You feel very mighty all of a sudden.
An ogre mage comes into view.
It is wielding a +2 whip of flaming and wearing a +2 robe of fire resistance.
A red draconian comes into view.
It is wielding a +1 broad axe of flaming.
Unknown command.
You slash the two-headed ogre!
The two-headed ogre is moderately wounded.
The two-headed ogre hits you with a +0 giant club of flaming!
The two-headed ogre burns you. The two-headed ogre closely misses you.
The two-headed ogre hits you with a +0 great mace of flaming!
* * * LOW HITPOINT WARNING * * *
The two-headed ogre burns you.
* * * LOW HITPOINT WARNING * * *
The two-headed ogre hits you with a +0 giant club of flaming.
* * * LOW HITPOINT WARNING * * *
You slash the two-headed ogre!
The two-headed ogre is moderately wounded.
The two-headed ogre closely misses you. You block the two-headed ogre's attack.
Unknown command.
It was a potion of magic.
Magic courses through your body.
The two-headed ogre hits you with a +0 giant club of flaming!
* * * LOW HITPOINT WARNING * * *
The two-headed ogre burns you.
* * * LOW HITPOINT WARNING * * *
You block the two-headed ogre's attack. The two-headed ogre barely misses you.
The two-headed ogre hits you with a +0 giant club of flaming!!
You die...

#.∩### ?!# .![.
..# ..######.. !.
###..#.###..
[$..###...........
#.d..∩∩..###.
##.....O##
)...##..OO### ..##
#.#.OO@.#
#.#.##O..#
.##..##[$.# ## ...
#.∩.. ..[!∩ #####
###.##


You could see a red draconian, 5 two-headed ogres and an ogre mage.

Vanquished Creatures
  4 two-headed ogres
  Pikel (D:7)
  A cyclops (D:11)
  A manticore (D:11)
  A black mamba (Lair:1)
  A gargoyle (D:9)
  2 unseen horrors
  3 trolls
  A hornet (D:9)
  2 shadows
  31 yaks
  A wraith (D:5)
  4 wyverns
  A basilisk (D:10)
  Grum (D:10)
  A steam dragon (D:7)
  4 vampire mosquitoes (D:11)
  2 acid dragons
  4 water moccasins
  3 ice beasts
  6 orc warriors
  A black bear (D:6)
  A sky beast (D:8)
  4 centaurs
  3 ogres
  3 boggarts (D:11)
  3 wolves (D:10)
  4 lemures (D:6)
  A phantom (D:6)
  2 kobold brigands
  6 bullfrogs
  9 scorpions
  5 wights (D:10)
  6 howler monkeys
  2 jellies
  6 orc priests
  5 hounds
  4 sleepcaps
  Jessica (D:3)
  8 orc wizards
  6 iguanas
  6 gnolls
  11 adders
  3 shadow imps
  4 white imps
  An ufetubus (D:5)
  3 worms
  4 dart slugs
  26 orcs
  4 ball pythons
  9 endoplasms
  3 giant cockroaches
  9 goblins
  5 hobgoblins
  11 jackals
  6 quokkas
  4 bats
  10 kobolds
  6 rats
280 creatures vanquished.

Vanquished Creatures (others)
  A sky beast (D:7)
  An orc wizard (D:5)
2 creatures vanquished.

Grand Total: 282 creatures vanquished

Notes
Turn   | Place    | Note
-------+----------+-------------------------------------------
     0 | D:1      | Peloso the Minotaur Fighter began the quest for the Orb.
     0 | D:1      | Reached XP level 1. HP: 19/19 MP: 0/0
    61 | D:1      | Reached XP level 2. HP: 19/27 MP: 1/1
   286 | D:1      | Found a faded altar of an unknown god.
   514 | D:1      | Reached XP level 3. HP: 30/33 MP: 2/2
   629 | D:2      | Reached skill level 3 in Long Blades
  1040 | D:2      | Reached XP level 4. HP: 40/41 MP: 3/3
  1643 | D:3      | Reached skill level 4 in Long Blades
  1744 | D:3      | Reached XP level 5. HP: 42/47 MP: 4/4
  1822 | D:3      | Reached skill level 5 in Armour
  2023 | D:3      | Reached skill level 5 in Long Blades
  2338 | D:3      | Reached XP level 6. HP: 53/53 MP: 5/5
  2463 | D:3      | Noticed Jessica
  2473 | D:3      | Killed Jessica
  2474 | D:3      | Reached skill level 1 in Dodging
  2845 | D:4      | Found a runed translucent door.
  2849 | D:4      | Noticed jaiteiro's ghost (amateur DrCj)
  2916 | D:4      | Found a staircase to the Ecumenical Temple.
  2928 | Temple   | Entered the Ecumenical Temple
  2955 | Temple   | Became a worshipper of Warmaster Okawaru
  3216 | D:5      | Entered Level 5 of the Dungeon
  3272 | D:5      | Reached skill level 5 in Fighting
  3321 | D:5      | Reached skill level 6 in Long Blades
  3330 | D:5      | Reached XP level 7. HP: 41/61 MP: 6/6
  3667 | D:5      | Reached * piety under Okawaru
  3668 | D:5      | Reached skill level 7 in Long Blades
  3733 | D:5      | Reached skill level 5 in Shields
  3733 | D:5      | Reached XP level 8. HP: 55/69 MP: 7/7
  3819 | D:5      | Found a glowing golden altar of the Shining One.
  4251 | D:5      | Reached skill level 8 in Long Blades
  4777 | D:6      | Reached skill level 9 in Long Blades
  5041 | D:6      | Identified the +3 leather armour of Kieped {rF+ Str+2
                  | Dex-5}
  5094 | D:6      | Reached XP level 9. HP: 78/78 MP: 8/8
  5121 | D:6      | Reached ** piety under Okawaru
  5137 | D:6      | Reached skill level 1 in Stealth
  6054 | D:7      | Found a hide-covered altar of Uskayaw.
  6061 | D:7      | Found an opulent altar of Gozag.
  6061 | D:7      | Found a stormy altar of Qazlal.
  6062 | D:7      | Found an ancient bone altar of Kikubaaqudgha.
  6120 | D:7      | Reached skill level 10 in Long Blades
  6159 | D:7      | Noticed Pikel
  6788 | D:7      | Killed Pikel
  7257 | D:8      | Reached skill level 11 in Long Blades
  7292 | D:8      | Reached *** piety under Okawaru
  7396 | D:8      | Found a white marble altar of Elyvilon.
  7441 | D:8      | Noticed an unseen horror
  7450 | D:8      | Killed an unseen horror
  7451 | D:8      | Reached XP level 10. HP: 62/88 MP: 9/9
  7650 | D:8      | Reached **** piety under Okawaru
  7780 | D:8      | Reached skill level 12 in Long Blades
  7923 | D:8      | Found a shimmering altar of Xom.
  7960 | D:8      | Identified the ring of Tublig {rElec rPois rC+ Int-4 Dex+4}
  8114 | D:8      | Reached skill level 10 in Armour
  8210 | D:8      | Found a sacrificial altar of Ru.
  8210 | D:8      | Found a broken altar of Ashenzari.
  8543 | D:9      | Found a runed translucent gate.
  8543 | D:9      | Found a runed translucent gate.
  8543 | D:9      | Found a runed translucent gate.
  8544 | D:9      | Noticed a spectral centaur warrior
  8544 | D:9      | Noticed a spectral centaur warrior
  8544 | D:9      | Noticed sonasty's ghost (novice DEFE)
  8556 | D:9      | Identified the ring "Xiuwnor" {Fly Str+3 Dex+3}
  8981 | D:9      | Noticed a two-headed ogre
  8994 | D:9      | Killed a two-headed ogre
  9172 | D:9      | Reached skill level 1 in Invocations
  9404 | D:9      | Noticed a gargoyle
  9424 | D:9      | Killed a gargoyle
  9565 | D:9      | Reached skill level 13 in Long Blades
  9569 | D:9      | Reached XP level 11. HP: 96/97 MP: 11/11
 10027 | D:10     | Entered Level 10 of the Dungeon
 10043 | D:10     | Noticed Grum
 10064 | D:10     | Killed Grum
 10366 | D:10     | Reached ***** piety under Okawaru
 10558 | D:10     | Found a staircase to the Lair.
 10778 | D:10     | Received a gift from Okawaru
 11007 | D:10     | Reached skill level 14 in Long Blades
 11196 | D:10     | Noticed a two-headed ogre
 11223 | D:10     | Killed a two-headed ogre
 11233 | D:10     | Reached skill level 10 in Fighting
 11572 | D:11     | Identified the +2 cloak of Wule {Contam +Blink +Inv Stlth+}
                  | (Okawaru gifted it to you on level 11 of the Dungeon)
 11572 | D:11     | Received a gift from Okawaru
 11579 | D:11     | Noticed a boulder beetle
 12044 | D:11     | Found a staircase to the Orcish Mines.
 13193 | D:11     | Reached XP level 12. HP: 107/107 MP: 12/12
 13673 | Lair:1   | Entered Level 1 of the Lair of Beasts
 13853 | Lair:1   | Found a dark tunnel.
 13862 | Volcano  | Entered a volcano
 13863 | Volcano  | Noticed a two-headed ogre
 13864 | Volcano  | Noticed a two-headed ogre
 13867 | Volcano  | Noticed a two-headed ogre
 13870 | Volcano  | Noticed a two-headed ogre
 13871 | Volcano  | Killed a two-headed ogre
 13874 | Volcano  | Killed a two-headed ogre
 13876 | Volcano  | Noticed a two-headed ogre
 13876 | Volcano  | Noticed a two-headed ogre
 13876 | Volcano  | Noticed a two-headed ogre
 13882 | Volcano  | Noticed an ogre mage
 13882 | Volcano  | Noticed a red draconian
 13885 | Volcano  | Slain by a two-headed ogre

Illustrated notes

Levels and vault maps discovered:
D:1:      dpeg_arrival_long_road, layout_rooms, ebering_ecumenical_altar_hall,
          minmay_misc_feat_square, minmay_misc_feat_secret_circle
D:2:      layout_loops_ring
D:3:      layout_basic, hellmonk_no_cap, uniq_jessica
D:4:      layout_basic, temple_hall, ebering_ghost_reflecting_pool,
          corexii_corridor_pit, minivault_1
D:5:      minmay_polygon_palace, layout_rooms, nicolae_tso_swordbearing_angel,
          serial_bayou, serial_bayou_ford_a, serial_bayou_shore_b,
          serial_bayou_pond_c, serial_bayou_lake_a, grunt_ministairs_10
D:6:      layout_gridville
D:7:      layout_rooms, chequers_temple_overflow_statue_of_worship, uniq_pikel
D:8:      layout_basic, gammafunk_temple_overflow_pools, marbit_many_paths,
          amcnicky_altar_gilded, minmay_between
D:9:      nicolae_cairo_tiling_large, layout_irregular_city,
          gammafunk_ghost_necromancy, nicolae_concentric_dashed_squares_mild
D:10:     layout_roguey, minmay_lair_entry_grove, uniq_grum
D:11:     layout_grid_maze, minmay_orc_entry_temple_large
Temple:   nicolae_temple_god_jail
Lair:1:   layout_loops_ring, lightli_volcano_entry_magma_tube
Volcano:  volcano_caves

Skill      XL: |  1  2  3  4  5  6  7  8  9 10 11 12 |
---------------+-------------------------------------+-----
Armour         | 4 5 6 7 9 11 12 13 | 13.2
Fighting       | 4 5 6 8 9 10 | 10.7
Shields        | 4 5 6 7 8 |  8.9
Long Blades    | 3 4 5 6 7 9 11 13 14 | 14.9
Dodging        | 1 2 3 4 |  4.0
Stealth        | 1 |  1.2
Invocations    | 1 |  1.4
Unarmed Combat | |  0.1

Action                     |  1- 3 |  4- 6 |  7- 9 | 10-12 || total
---------------------------+-------+-------+-------+-------++-------
  Melee: Long sword        |    89 |   164 |   372 |   422 ||  1047
         Headbutt          |     9 |    25 |    69 |   149 ||   252
         Unarmed           |       |       |     2 |       ||     2
         Falchion          |       |       |       |   125 ||   125
 Invoke: Heroism           |       |       |     4 |     5 ||     9
    Use: Potion            |       |     2 |       |     3 ||     5
         Scroll            |       |     3 |     6 |     5 ||    14
 Armour: Scale mail        |    38 |    54 |       |       ||    92
         Chain mail        |       |    21 |   144 |       ||   165
         Plate armour      |       |       |    71 |   259 ||   330
         Skin              |       |       |     1 |       ||     1
  Dodge: Dodged            |    37 |    71 |   150 |   159 ||   417
  Block: Buckler           |    18 |    42 |    79 |   149 ||   288
